Match 43053755
Unlisted

Match 43053755
End
Construct Weapon Support Center
Selects Armored Battlegroup
Scout Squad
M1919 Machine Gun Team
Selects Veteran Crews
M1919 Machine Gun Team
Engineer Squad
Infantry Support Center
M3 Armored Personnel Carrier
M3 Armored Personnel Carrier
Mortar Pit
Engineer Squad
Mortar Pit
M1919 Machine Gun Team
Selects M31 Recovery Vehicle
Forward Retreat Point
Construct Tank Depot
woof_raff
Friendly Mouse(Poxie)
Starcraft: Brood War
Truman619
0
0

Comments sign in to comment!

No comments posted yet!